 Dungeon Crawl Stone Soup version 0.19.5 (webtiles) character file.

60 Hordtkhen the Skirmisher (level 3, -8/30 HPs)
             Began as a Demonspawn Abyssal Knight on Apr 15, 2017.
             Was a Believer of Lugonu.
             Mangled by Terence
             ... wielding a +6 flail of holy wrath
              (10 damage)
             ... on level 1 of the Dungeon.
             The game lasted 00:09:24 (1112 turns).

Hordtkhen the Skirmisher (DsAK)                     Turns: 1112, Time: 00:09:25

Health: -8/30      AC:  7    Str: 12 (13) XL:     3   Next: 80%
Magic:  4/4        EV: 11    Int: 12 (13) God:    Lugonu [**....]
Gold:   65         SH:  0    Dex: 10 (12) Spells: 0 memorised, 2 levels left

rFire  . . .     SeeInvis .     a - +1 falchion
rCold  . . .     Gourm    .     b - +0 leather armour
rNeg   . . .     Faith    .     (no shield)
rPois  .         Spirit   .     (no helmet)
rElec  .         Reflect  .     (no cloak)
rCorr  .         Harm     .     d - +0 pair of gloves
MR     .....                    (no boots)
Stlth  +.........               (no amulet)
                                (no ring)
                                j - +3 ring of protection

@: no status effects
A: powered by death 1
a: Depart the Abyss, Bend Space, Renounce Religion


You were on level 1 of the Dungeon.
You worshipped Lugonu.
Lugonu was pleased with you.
You were hungry.

You visited 1 branch of the dungeon, and saw 2 of its levels.
You visited the Abyss 1 time.

You collected 65 gold pieces.

Inventory:

Hand Weapons
 a - a +1 falchion (weapon)
 m - a cursed -3 dagger
Missiles
 e - 67 arrows
 g - 10 poisoned needles (quivered)
 i - 42 bolts
Armour
 b - a +0 leather armour (worn)
 d - a +0 pair of gloves (worn)
Jewellery
 j - a +3 ring of protection (left hand)
Scrolls
 f - a scroll of identify
 n - a scroll of recharging
Comestibles
 c - a bread ration
 h - a meat ration


   Skills:
 + Level 3.7 Fighting
 + Level 2.9 Long Blades
 + Level 2.0 Armour
 + Level 1.0 Dodging
 + Level 0.2 Stealth
 + Level 2.4 Invocations


You had 2 spell levels left.
You didn't know any spells.

Dungeon Overview and Level Annotations

Branches:
Dungeon (2/15)

Altars:
Cheibriados

Annotations:
D:1 Terence


Innate Abilities, Weirdness & Mutations

You regenerate a little health from kills.


Message History

There was something very wrong with that liquid.
You feel weakened.
You feel dopey.
You feel clumsy. Terence says, "How do you enjoy it?"
Terence says, "How do you enjoy it?"
Terence asks, "Do you want it fast or slow?"
There is a stone staircase leading up here.
You can't go down here!
Terence barely misses you.
You climb upwards.
There is a stone staircase leading down here.
Terence says, "Don't bother to defend, it's useless."
You see here a stone.
Terence hits you with a flail of holy wrath.
* * * LOW HITPOINT WARNING * * *
You convulse.
* * * LOW HITPOINT WARNING * * *
Things that are here:
a stone; a short sword; a kobold skeleton Terence hits you with a flail of holy wrath!
You die...

########..# .#.#
#.........###########...#
#.######.....>.......##
#.# ############...## #.#
####.#.#.##### #.######
#.....(......# #......#
#........###.# ######.#
#..(....## #.# #.#
#.@.....# #.###### #.#
##.(@....# #....... #.#
#........# ######## #.#
#........# ###.#
#..####### #...# #..#
#.### #..# #.# #..# ##.#
#### ###########


You could see Terence.

Vanquished Creatures
  2 adders (D:2)
  An ooze (D:2)
  2 dart slugs (D:1)
  A leopard gecko (D:1)
  A giant cockroach (D:1)
  2 goblins (D:2)
  4 hobgoblins
  4 jackals
  4 bats (D:1)
  A frilled lizard (D:1)
  6 kobolds
  5 rats
33 creatures vanquished.

Vanquished Creatures (others)
  A rat (D:2)
1 creature vanquished.

Grand Total: 34 creatures vanquished

Notes
Turn   | Place    | Note
-------+----------+-------------------------------------------
     0 | Abyss:1  | Hordtkhen the Demonspawn Abyssal Knight began the quest for the Orb.
     0 | Abyss:1  | Reached XP level 1. HP: 18/18 MP: 2/2
    21 | D:1      | Escaped the Abyss
   115 | D:1      | Gained mutation: You regenerate a little health from kills. [demonic ancestry]
   115 | D:1      | Reached XP level 2. HP: 10/24 MP: 3/3
   341 | D:1      | Reached skill level 1 in Dodging
   657 | D:2      | Reached XP level 3. HP: 25/29 MP: 4/4
   695 | D:2      | Reached ** piety under Lugonu
   700 | D:2      | Found a snail-covered altar of Cheibriados.
   980 | D:2      | Noticed Terence
  1026 | D:2      | HP: 1/30 [Terence/flail of holy wrath (1)]
  1112 | D:1      | Mangled by Terence

Skill      XL: |  1  2 |
---------------+-------+-----
Long Blades    | 2 |  2.9
Dodging        | 1 |  1.0
Armour         | 2 |  2.0
Fighting       | |  3.7
Stealth        | |  0.2
Invocations    | |  2.4

Action                   || total
-------------------------++-------
Melee: Falchion          ||    93
  Use: Scroll            ||     4
       Potion            ||     2
Armor: Leather armour    ||    31
Dodge: Dodged            ||    76
       Rpst.: Falchion   ||    26
